 Dungeon Crawl Stone Soup version 0.29-a0-838-g385bb11a5b (webtiles) character file.

Game seed: 16867632099858993824

66 xian the Sneak (level 4, 0/29 HPs)
             Began as an Octopode Brigand on July 14, 2022.
             Slain by an orc priest
             ... wielding a +1 vorpal trident
              (9 damage)
             ... on level 3 of the Dungeon.
             The game lasted 00:05:08 (2501 turns).

xian the Sneak (Octopode Brigand)                   Turns: 2501, Time: 00:05:08

Health: 0/29       AC:  1    Str: 10    XL:     4   Next: 15%
Magic:  4/4        EV: 12    Int: 13    God:
Gold:   70         SH:  0    Dex: 15    Spells: 3/3 levels left

rFire   . . .      SeeInvis .   a - +2 dagger
rCold   . . .      Faith    .   (no shield)
rNeg    . . .      Spirit   .   (helmet restricted)
rPois   .          Reflect  .   (no amulet)
rElec   .          Harm     .   (no ring)
rCorr   .          Rampage  .   (no ring)
Will    .....                   (no ring)
Stlth   ++++......              (no ring)
HPRegen 0.09/turn               (no ring)
MPRegen 0.09/turn               (no ring)
                                (no ring)
                                (no ring)

@: no status effects
A: almost no armour, amphibious, 8 rings, camouflage 1, gelatinous body 1,
(nimble swimmer 1), tentacles
a: no special abilities


You were on level 3 of the Dungeon.
You visited 1 branch of the dungeon, and saw 3 of its levels.

You collected 70 gold pieces.

Inventory:

Hand Weapons
 a - a +2 dagger (weapon)
Missiles
 b - 9 poisoned darts (quivered)
 c - 3 curare-tipped darts
Scrolls
 d - 2 scrolls of poison
 j - a scroll of teleportation {unknown}
 l - 3 scrolls of summoning
Potions
 e - 2 potions of haste {unknown}
 f - 4 potions of curing
 g - a potion of heal wounds
 h - a potion of degeneration {unknown}
 i - a potion of lignification {unknown}
 k - a potion of flight {unknown}


   Skills:
 + Level 2.1 Fighting
 + Level 2.7 Short Blades
 + Level 2.7 Throwing
 + Level 1.0 Dodging
 + Level 6.5 Stealth


You had 3 spell levels left.
You didn't know any spells.
Your spell library contained the following spells:

 Spells                   Type           Power      Damage    Failure   Level
 Summon Small Mammal      Summ           0%         N/A       30%         1
 Call Canine Familiar     Summ           0%         N/A       67%         3
 Summon Guardian Golem    Hex/Summ       0%         N/A       67%         3
 Tukima's Dance           Hex            0%         N/A       67%         3
 Passage of Golubria      Tloc           0%         N/A       97%         4
 Summon Forest            Summ/Tloc      0%         N/A       100%        5
 Yara's Violent Unravell  Hex/Tmut       0%         3d3       100%        5
 Eringya's Noxious Bog    Tmut/Pois      0%         N/A       100%        6
 Summon Hydra             Summ           0%         N/A       100%        7


Dungeon Overview and Level Annotations

Branches:
Dungeon (3/15)

Altars:
Sif Muna


Innate Abilities, Weirdness & Mutations

You cannot wear most types of armour.
You are amphibious.
You can wear up to eight rings at the same time.
Your skin changes colour to match your surroundings (Stealth+).
Your rubbery body absorbs attacks. (AC +1, EV +1)
((You are camouflaged when in or above water. (Stealth+)))
You have tentacles for arms and can constrict up to eight enemies at once.


Message History

You hit the hobgoblin.
You kill the hobgoblin!
The bat hits you but does no damage. The bat barely misses you.
The bat closely misses you.
The frilled lizard hisses angrily.
You hit the bat. You grab the bat.
The bat is moderately wounded.
You constrict the bat. The bat barely misses you.
The bat escapes!
An orc comes into view. It is wielding a +0 short sword.
The orc shouts!
You hit the bat.
You kill the bat!
You hit the orc but do no damage. Your grab misses the orc.
The orc closely misses you.
You hit the orc. You grab the orc. You squeeze the orc.
The orc is almost dead.
You constrict the orc.
You kill the orc!
The frilled lizard unfolds its giant frill.
The frilled lizard misses you.
Things that are here:
a +0 hand axe; a +0 leather armour; an orc corpse The orc shouts!
You hit the frilled lizard.
You kill the frilled lizard!
The orc hits you with a +0 short sword. The orc closely misses you.
The orc barely misses you. The orc priest barely misses you.
The orc priest hits you from afar with a +1 vorpal trident.
You barely miss the orc. You grab the orc. You constrict the orc.
The orc barely misses you. The orc priest misses you.
You hit the orc.
The orc is moderately wounded.
You constrict the orc. The orc hits you with a +0 short sword.
The orc priest hits you from afar with a +1 vorpal trident.
You hit the orc.
You kill the orc!
The orc priest hits you from afar with a +1 vorpal trident!
You die...

#.!.................
#.................. ## #. #.....#
##.......## #.# #.
o..o..####.........###.# ##.#
####................#.# ...
#.#####....†......###.# #..
#.......<............. #..
#.......#.........### #..
#>########.oo@#...# #. #.#
####)#...# #. ####)#
###.....##### #.
.....#########...........# #.
.#..........##.###...##..# ##÷
.#.########.##.# #...##..# ####..
.#.# #.##.# #...##..###....)
.#.########.##.###)..........)#..
.#..................(##..###.###.


You could see an orc priest and an orc.

Vanquished Creatures
  An adder (D:2)
  2 worms
  A dart slug (D:1)
  5 orcs
  4 bats
  7 endoplasms
  3 giant cockroaches
  A hobgoblin (D:3)
  2 kobolds
  4 quokkas
  A ball python (D:2)
  7 frilled lizards
  4 rats
42 creatures vanquished.

Vanquished Creatures (collateral kills)
  A bat (D:1)
1 creature vanquished.

Grand Total: 43 creatures vanquished

Notes
Turn   | Place    | Note
-------+----------+-------------------------------------------
     0 | D:1      | xian the Octopode Brigand began the quest for the Orb.
     0 | D:1      | Reached XP level 1. HP: 14/14 MP: 1/1
   513 | D:1      | Reached XP level 2. HP: 19/19 MP: 2/2
  1210 | D:2      | Reached XP level 3. HP: 24/24 MP: 3/3
  1279 | D:2      | Reached skill level 6 in Stealth
  1686 | D:3      | Found a shimmering blue altar of Sif Muna.
  2227 | D:3      | Reached XP level 4. HP: 25/29 MP: 4/4
  2501 | D:3      | Slain by an orc priest

Illustrated notes

Levels and vault maps discovered:
D:1:      amcnicky_arrival_gap_in_the_tavern_cellar, layout_loops_cross
D:2:      layout_basic, feat_on_display
D:3:      minmay_wonky_spiral, layout_loops_ring, mainiacjoe_overflow_boulevard,
          kennysheep_orc_chapel

Skill      XL: |  1  2  3 |
---------------+----------+-----
Stealth        | 6 |  6.5
Fighting       | |  2.1
Short Blades   | |  2.7
Throwing       | |  2.7
Dodging        | |  1.0

Action                   |  1- 3 |  4- 6 || total
-------------------------+-------+-------++-------
Melee: Dagger            |    60 |    17 ||    77
       Constrict         |     9 |     6 ||    15
       Tentacles         |    10 |     3 ||    13
Throw: Dart              |     4 |       ||     4
  Use: Scroll            |     6 |       ||     6
 Stab: Sleeping          |    16 |       ||    16
Armor: Skin              |     6 |     2 ||     8
Dodge: Dodged            |    32 |    15 ||    47

Table legend: (Time is in decaauts)
 A = Elapsed time spent in this place.
 B = Non-inter-level travel time spent in this place.
 C = Inter-level travel time spent in this place.
 D = Time resting spent in this place.
 E = Time spent auto-exploring this place.
 F = Levels seen in this place.
 G = Mean time per level.
                   A        B        C        D        E       F      G
               +--------+--------+--------+--------+--------+-----+--------+
         Total |   2491 |   2410 |     81 |    557 |   1392 |   3 |  830.3 |
       Dungeon |   2491 |   2410 |     81 |    557 |   1392 |   3 |  830.3 |
               +--------+--------+--------+--------+--------+-----+--------+

Top non-repeatable levels by time:
     D:1: 998 daAuts
     D:2: 908 daAuts
     D:3: 585 daAuts
